 Dungeon Crawl Stone Soup version 0.30.0-29-ga12c61a403 (webtiles) character file.

Game seed: 13835936403551342610

66 FishyPogo the Trooper (level 4, 0/41 HPs)
             Began as a Hill Orc Monk on June 5, 2023.
             Killed by divine providence
             ... invoked by an orc priest
              (13 damage)
             ... on level 3 of the Dungeon.
             The game lasted 00:06:06 (1171 turns).

FishyPogo the Trooper (Hill Orc Monk)               Turns: 1171, Time: 00:06:06

Health: 0/41       AC:  3    Str: 15    XL:     4   Next: 15%
Magic:  5/5        EV: 12    Int: 10    God:
Gold:   112        SH:  0    Dex: 13    Spells: 3/3 levels left

rFire   . . .        a - +2 dagger (venom)
rCold   . . .        d - orb {light}
rNeg    + . .        b - +0 robe
rPois   .            (no helmet)
rElec   .            (no cloak)
rCorr   .            (no gloves)
SInv    .            l - +0 pair of boots
Will    .....        (no amulet)
Stlth   +            p - ring of positive energy
HPRegen 0.26/turn    (no ring)
MPRegen 0.09/turn

%: no passive effects
@: glowing
A: no striking features
a: Convert to Beogh


You were on level 3 of the Dungeon.
You visited 1 branch of the dungeon, and saw 3 of its levels.

You collected 112 gold pieces.

Inventory:

Hand Weapons
 a - a +2 dagger of venom (weapon)
Missiles
 i - 3 stones (quivered)
 q - 3 curare-tipped darts
Armour
 b - a +0 robe (worn)
 d - an orb of light (worn)
 l - a +0 pair of boots (worn)
Jewellery
 p - a ring of positive energy (left hand)
 s - a ring of ice
Scrolls
 e - 2 scrolls of identify {unknown}
 f - a scroll of brand weapon {unknown}
 j - 3 scrolls of poison {unknown}
 m - a scroll of enchant armour {unknown}
 n - a scroll of noise {unknown}
 o - a scroll of fog {unknown}
 r - a scroll of enchant weapon {unknown}
Potions
 c - a potion of ambrosia
 g - a potion of flight {unknown}
 h - a potion of degeneration {unknown}
 k - a potion of curing {unknown}


   Skills:
 * Level 4.6 Fighting
 + Level 3.3(3.4) Short Blades
 - Level 0.3(2.3) Long Blades
 + Level 2.9 Dodging
 * Level 1.6 Invocations


You had 3 spell levels left.
You didn't know any spells.
Your spell library was empty.

Dungeon Overview and Level Annotations

Branches:
Dungeon (3/15)

Altars:
Xom


Message History

An orc priest comes into view. It is wielding a +0 hand axe.
The orc priest calls down the wrath of Beogh upon you.
Beogh smites you!
Unknown command.
Unknown command.
There is a stone staircase leading down here.
You don't know any spells.
The orc priest shouts, "Beogh is our master!
Accept the truth or die!" (press Y on the ability menu to convert to Beogh)
You hit the orc.
The orc is poisoned.
The orc is severely wounded.
The orc barely misses you.
Unknown command.
Unknown command.
Unknown command.
Unknown command.
Unknown command.
Unknown command.
Unknown command.
You hit the orc.
You kill the orc!
The orc priest invokes the aid of Beogh against you.
Pain shoots through your body!
You hit the orc.
The orc is poisoned.
The orc is moderately wounded.
The orc hits you with a +0 whip.
The orc priest shouts, "Surrender to Beogh and we'll let you live!"
You hit the orc.
The orc looks as sick as possible!
The orc is severely wounded.
Unknown command.
You hit the orc.
You kill the orc!
You are not religious.
Unknown command.
The orc priest begins to cast a cantrip, but forgets the words!
The orc priest calls down the wrath of Beogh upon you.
Beogh smites you!
The orc priest mumbles some strange prayers to Beogh against you.
Beogh smites you!
You die...

# ..... #......[ #
..#.# ##....... #
#.#.#.#######........
# #...
...#........... #..
##.#....#......
#..###.....###......
#..o##.......+......
#.)......####......
##@......# ......
#######.# #+#### #.#
#.# #.# .#


You could see an orc priest.

Vanquished Creatures
  4 adders
  2 orcs (D:3)
  7 ball pythons
  A giant cockroach (D:3)
  2 goblins
  A hobgoblin (D:2)
  A quokka (D:3)
  3 bats
  A frilled lizard (D:2)
  3 kobolds (D:2)
  4 rats
29 creatures vanquished.

Notes
Turn   | Place    | Note
-------+----------+-------------------------------------------
     0 | D:1      | FishyPogo the Hill Orc Monk began the quest for the Orb.
     0 | D:1      | Reached XP level 1. HP: 19/19 MP: 1/1
   107 | D:2      | Found a shimmering altar of Xom.
   202 | D:2      | Reached XP level 2. HP: 27/27 MP: 2/2
   268 | D:3      | Reached skill level 4 in Fighting
   481 | D:2      | Reached XP level 3. HP: 33/33 MP: 3/3
   738 | D:2      | Reached skill level 1 in Invocations
   915 | D:3      | Reached XP level 4. HP: 34/41 MP: 3/5
  1171 | D:3      | Killed from afar by an orc priest

Illustrated notes

Levels and vault maps discovered:
D:1:      saegor_arrival_simple_c, layout_loops_ring, serial_forest,
          infiniplex_forest_end_2, infiniplex_forest_clump_cross,
          infiniplex_forest_clump_double, infiniplex_forest_clump_small,
          infiniplex_forest_corner_2, infiniplex_forest_zigzag_2,
          infiniplex_forest_clump_small, minmay_cupped
D:2:      layout_loops_ring, basic_altar, minmay_misc_feat_secret_circle,
          minmay_pentomino_pile
D:3:      layout_basic, chequers_serial_rivers_micro_a, chequers_big_river,
          uniq_grinder

Skill      XL: |  1  2  3 |
---------------+----------+-----
Fighting       | 4 |  4.6
Invocations    | 1 |  1.6
Short Blades   | |  3.3
Long Blades    | |  0.3
Dodging        | |  2.9

Action                     |  1- 3 |  4- 6 || total
---------------------------+-------+-------++-------
  Melee: Short sword       |    30 |       ||    30
         Dagger            |    44 |     9 ||    53
  Throw: Stone             |     3 |       ||     3
 Armour: Robe              |     8 |     1 ||     9
  Dodge: Dodged            |    47 |     5 ||    52
